 Dungeon Crawl Stone Soup version 0.29.1-1-gd02db6906a (webtiles) character file.

Game seed: 13629204494802466436

1173 Earthwalker the Cudgeller (level 8, -1/78 HPs)
             Began as a Troll Fighter on Oct 4, 2022.
             Was a Believer of Uskayaw.
             Succumbed to a water moccasin's poison
             ... on level 5 of the Dungeon.
             The game lasted 00:28:28 (4141 turns).

Earthwalker the Cudgeller (Troll Fighter)           Turns: 4141, Time: 00:28:29

Health: -1/78      AC: 11    Str: 25    XL:     8   Next: 18%
Magic:  7/7        EV:  9    Int:  4    God:    Uskayaw [**....]
Gold:   296        SH:  8    Dex: 11    Spells: 7/7 levels left

rFire   . . .      SeeInvis .   j - +4 mace (protect)
rCold   + . .      Faith    .   c - +0 kite shield
rNeg    . . .      Spirit   .   b - +0 robe
rPois   .          Reflect  .   (helmet restricted)
rElec   .          Harm     .   (no cloak)
rCorr   .          Rampage  .   (gloves unavailable)
Will    .....                   (boots unavailable)
Stlth   ++........              (no amulet)
HPRegen 1.03/turn               o - ring of ice
MPRegen 0.10/turn               q - ring of protection from fire

@: brilliant, lethally poisoned (-1 -> -7), under a protective aura
A: large, unfitting armour, claws 3, regeneration 1, shaggy fur 1, tough skin 1
a: Renounce Religion, Stomp, Line Pass


You were on level 5 of the Dungeon.
You worshipped Uskayaw.
Uskayaw was noncommittal.
You visited 1 branch of the dungeon, and saw 6 of its levels.
You also visited: Sewer.

You collected 296 gold pieces.

Inventory:

Hand Weapons
 a - a +0 flail
 j - a +4 mace of protection (weapon)
 z - a +0 mace
 A - a +4 dagger
Missiles
 u - 2 javelins (quivered)
 y - 2 atropa-tipped darts
Armour
 b - a +0 robe (worn)
 c - a +0 kite shield (worn)
Magical Staves
 t - a staff of earth
Jewellery
 o - a ring of ice (left claw)
 q - a ring of protection from fire (right claw)
Wands
 s - a wand of paralysis (5)
Scrolls
 e - a scroll of torment
 h - a scroll of fear
 l - 4 scrolls of teleportation
 m - 2 scrolls of amnesia
 r - 2 scrolls of magic mapping
 v - 3 scrolls of enchant armour {unknown}
 x - a scroll of butterflies {unknown}
 B - a scroll of enchant weapon
Potions
 d - 3 potions of might
 f - a potion of brilliance
 i - a potion of degeneration {unknown}
 k - 2 potions of invisibility {unknown}
 n - 2 potions of ambrosia {unknown}
 p - a potion of berserk rage {unknown}
 w - 2 potions of cancellation {unknown}


   Skills:
 + Level 3.9 Fighting
 + Level 5.8 Maces & Flails
 + Level 4.1 Dodging
 + Level 1.8 Stealth
 + Level 4.4 Shields


You had 7 spell levels left.
You didn't know any spells.
Your spell library contained the following spells:

 Spells                   Type           Power      Damage    Failure   Level
 Foxfire                  Conj/Fire      0%         2x1d4     78%         1
 Necrotise                Necr           0%         1d4       78%         1
 Conjure Flame            Conj/Fire      0%         6-21      98%         3
 Inner Flame              Hex/Fire       0%         N/A       98%         3
 Vampiric Draining        Necr           0%         2d6       98%         3
 Flame Wave               Conj/Fire      0%         2d4       100%        4
 Agony                    Necr           0%         N/A       100%        5


Dungeon Overview and Level Annotations

Branches:
Dungeon (6/15)              Sewer (visited)
 Temple: D:4-7

Altars:
Gozag
Nemelex Xobeh
Uskayaw
Wu Jian

Shops:
D:3 [


Innate Abilities, Weirdness & Mutations

You are too large for most types of armour.
You have claws for hands.
Your natural rate of healing is unusually fast.
You are covered in fur. (AC +1)
You have tough skin. (AC +1)


Message History

You closely miss the water moccasin.
The water moccasin is heavily wounded.
You feel sick. The water moccasin bites you.
You closely miss the water moccasin.
The water moccasin is heavily wounded.
You feel sick. You block the water moccasin's attack.
The water moccasin barely misses you.
You thump the water moccasin!
The water moccasin is almost dead.
You feel sick.
You are no longer poisoned.
You block the water moccasin's attack. x2
You can now pass through a line of other dancers.
You barely miss the water moccasin.
The water moccasin is almost dead.
The water moccasin bites you.
You are poisoned.
The water moccasin poisons you!
You hit the water moccasin.
The water moccasin is almost dead.
You feel very sick. The water moccasin bites you.
* * * LOW HITPOINT WARNING * * *
You are more poisoned.
The water moccasin poisons you! The water moccasin barely misses you.
You miss the water moccasin.
The water moccasin is almost dead.
You feel extremely sick. The water moccasin bites you.
* * * LOW HITPOINT WARNING * * *
The water moccasin bites you!
* * * LOW HITPOINT WARNING * * *
The gnoll sergeant shouts!
You hit the water moccasin.
You kill the water moccasin!
* * * LOW HITPOINT WARNING * * *
You feel very sick.
It was a potion of brilliance.
You feel clever all of a sudden.
You die...

# #.#..............#.#..# ##
#.##.............###.### ##
.####..#.............))#...#####.
......##.........##.##......#.#..
.......................#.........
...##..................#.........
.#####....................#....##
.....#..........†...###...#.....#
................@.........#......
#.........###.....###..........##
#.........#.......###..........##
#..................##..##......#.
†.#.................#..>..####.#.
###............###g.........##.'.
###.......#......##......).....'.
##........#...#...##...........'.
.##............................#.


You could see a gnoll sergeant.

Vanquished Creatures
  Prince Ribbit (D:5)
  Pargi (Sewer)
  A water moccasin (D:5)
  An ogre (D:5)
  2 scorpions
  5 wights (D:5)
  A gnoll bouda (D:5)
  3 hounds (D:5)
  An iguana (D:4)
  6 gnolls
  4 adders
  2 worms
  2 dart slugs
  9 orcs
  7 bats
  8 endoplasms
  5 giant cockroaches
  5 hobgoblins
  2 jackals (D:2)
  7 kobolds
  7 quokkas
  2 ball pythons
  3 frilled lizards
  7 goblins
  5 rats
97 creatures vanquished.

Notes
Turn   | Place    | Note
-------+----------+-------------------------------------------
     0 | D:1      | Earthwalker the Troll Fighter began the quest for the Orb.
     0 | D:1      | Reached XP level 1. HP: 22/22 MP: 0/0
   124 | D:1      | Reached skill level 2 in Maces & Flails
   124 | D:1      | Reached XP level 2. HP: 26/29 MP: 1/1
   481 | D:1      | Reached XP level 3. HP: 36/36 MP: 2/2
   829 | D:2      | Found a faded altar of an unknown god.
   847 | D:2      | Prayed at the altar of an unknown god.
   847 | D:2      | Became a worshipper of Uskayaw the Reveller
   847 | D:2      | Reached * piety under Uskayaw
  1006 | D:2      | Reached ** piety under Uskayaw
  1740 | D:3      | Reached XP level 4. HP: 40/43 MP: 3/3
  1915 | D:3      | Found Fyipnu's Armour Boutique.
  1938 | D:3      | Reached skill level 3 in Maces & Flails
  2226 | D:3      | Found a sparkling altar of Nemelex Xobeh.
  2227 | D:3      | Found an opulent altar of Gozag.
  2641 | D:4      | Found a glowing drain.
  2661 | Sewer    | Entered a sewer
  2699 | Sewer    | Noticed Pargi
  2715 | Sewer    | Reached *** piety under Uskayaw
  2717 | Sewer    | Killed Pargi
  2717 | Sewer    | Reached **** piety under Uskayaw
  2718 | Sewer    | Reached XP level 5. HP: 53/53 MP: 4/4
  2897 | D:4      | Reached skill level 4 in Maces & Flails
  3404 | D:5      | Entered Level 5 of the Dungeon
  3406 | D:5      | Noticed Prince Ribbit
  3411 | D:5      | Reached XP level 6. HP: 61/61 MP: 5/5
  3457 | D:5      | Killed Prince Ribbit
  3458 | D:5      | Reached skill level 1 in Stealth
  3489 | D:5      | Reached XP level 7. HP: 46/67 MP: 6/6
  3542 | D:5      | Reached skill level 5 in Maces & Flails
  3844 | D:5      | Reached XP level 8. HP: 59/78 MP: 7/7
  3858 | D:5      | Found an ornate altar of the Wu Jian Council.
  4140 | D:5      | HP: 1/78 [poisoned by a water moccasin]
  4141 | D:5      | Succumbed to a water moccasin's poison

Illustrated notes

Levels and vault maps discovered:
D:1:      elethiomel_arrival_maze, layout_loops_ring
D:2:      layout_basic, hellmonk_ecumenical_altar_arch_garden,
          uniq_crazy_yiuf_cottage
D:3:      layout_rooms, grunt_temple_overflow_opulence, serial_shops, shop,
          serial_glass, glass_columns_a, glass_columns_c, glass_columns_a,
          glass_columns_a, glass_columns_b, glass_columns_a, glass_columns_c,
          glass_columns_a, minmay_strange_pillars, feat_on_display,
          minmay_strange_pillars, due_unseen_surprise
D:4:      layout_loops_corners, portal_sewer_entry_f, minmay_door_square
D:5:      layout_cave_pools, mainiacjoe_overflow_alcove_4, uniq_prince_ribbit1
D:6:      layout_cave_pods, old_standard_altar, ebering_ghost_sewer_d

Skill      XL: |  1  2  3  4  5  6  7 |
---------------+----------------------+-----
Maces & Flails | 2 3 4 5 |  5.8
Shields        | 3 4 |  4.4
Fighting       | 3 |  3.9
Dodging        | 3 4 |  4.1
Stealth        | 1 |  1.8

Action                   |  1- 3 |  4- 6 |  7- 9 || total
-------------------------+-------+-------+-------++-------
Melee: Flail             |    60 |       |       ||    60
       Mace              |    46 |   134 |    94 ||   274
  Use: Scroll            |     3 |     5 |     1 ||     9
       Potion            |       |       |     2 ||     2
 Stab: Sleeping          |     1 |     6 |     1 ||     8
       Paralysed         |       |     1 |     2 ||     3
Armor: Robe              |    35 |    56 |    40 ||   131
Dodge: Dodged            |    37 |    69 |    36 ||   142
Block: Kite shield       |    36 |    57 |    44 ||   137
